Map: Stargazers

Players

RagnaroK (SHIN)

  • Race: Zerg Zerg
  • League: Master
  • Spawn Location: 11:00

Bunny - Winner!

  • Race: Terran Terran
  • League: Silver
  • Spawn Location: 1:00

VOD

Have the link to the VOD?

Description

Time

  • Played on: Oct. 20, 2022, 10:11 a.m.
  • Length: 17:19
Show
View Real Time Build Order
Export as new Build Order

RagnaroK Zerg 

Build Orders: Hatch First, Lurkers 

Get SALT Encoding   

  12  0:00  Drone  
  13  0:12  Overlord  
  13  0:16  Drone  
  14  0:30  Drone x2  
  16  0:50  Hatchery  
  16  0:52  Drone  
  16  0:55  Drone  
  17  0:59  Drone  
  18  1:13  Spawning Pool  
  18  1:17  Drone  
  18  1:20  Drone  
  18  1:22  Extractor  
  18  1:28  Drone  
  19  1:39  Drone  
  20  1:49  Drone  
  22  2:01  Zergling x2, Queen x2  
  22  2:02  Zergling x2  
  27  2:12  Overlord  
  27  2:14  Drone  
  28  2:24  Hatchery  
  28  2:27  Drone  
  28  2:33  Drone x2  
  28  2:35  Drone  
  30  2:43  Metabolic Boost  
  30  2:44  Drone  
  31  2:45  Drone  
  32  2:52  Queen  
  32  2:56  Overlord  
  34  2:59  Drone  
  34  3:06  Drone  
  34  3:07  Drone  
  36  3:15  Drone x3  
  36  3:17  Drone  
  36  3:18  Drone  
  36  3:19  Queen  
  43  3:27  Overlord  
  43  3:28  Drone  
  44  3:36  Queen  
  44  3:37  Queen  
  44  3:38  Drone  
  49  3:42  Drone  
  49  3:46  Drone  
  51  3:51  Drone x3  
  54  3:57  Drone  
  54  3:59  Queen  
  54  4:01  Drone, Overlord  
  54  4:02  Overlord  
  58  4:04  Overlord  
  58  4:07  Overlord  
  58  4:18  Queen x2, Overlord  
  58  4:19  Drone  
  58  4:21  Drone  
  58  4:22  Drone  
  65  4:24  Drone  
  65  4:25  Drone  
  65  4:30  Drone x2, Overlord  
  69  4:32  Drone  
  69  4:33  Drone  
  69  4:35  Overlord  
  71  4:39  Queen  
  71  4:40  Drone  
  74  4:46  Drone  
  74  4:47  Drone  
  74  4:48  Drone, Evolution Chamber  
  74  4:49  Evolution Chamber  
  74  4:50  Spore Crawler  
  74  4:51  Drone  
  74  4:52  Drone  
  76  4:56  Spore Crawler  
  76  4:59  Spore Crawler x2  
  73  5:00  Zergling x4  
  73  5:02  Zergling x2  
  73  5:04  Drone x2  
  73  5:06  Drone x2  
  80  5:11  Drone x4  
  84  5:14  Extractor  
  84  5:15  Extractor  
  84  5:20  Hatchery  
  81  5:24  Zerg Melee Weapons Level 1  
  81  5:25  Zerg Ground Armor Level 1  
  81  5:26  Drone  
  82  5:28  Drone x2  
  82  5:29  Drone  
  82  5:32  Overlord  
  82  5:35  Zergling x6  
  88  5:36  Drone  
  88  5:38  Drone  
  88  5:39  Drone x2  
  88  5:40  Extractor  
  91  5:44  Overlord  
  91  5:45  Zergling x2  
  91  5:49  Lair  
  90  5:52  Drone x3  
  90  5:54  Zergling x6  
  95  6:00  Drone x3  
  95  6:02  Zergling x6, Baneling Nest  
  97  6:10  Overlord  
  97  6:14  Zergling x6  
  100  6:19  Zergling x4  
  100  6:25  Zergling x6, Drone x2  
  105  6:31  Zergling x6  
  110  6:34  Drone  
  110  6:35  Drone x4  
  115  6:42  Zergling x6  
  115  6:45  Drone  
  119  6:51  Drone x2  
  121  6:54  Centrifugal Hooks, Hatchery  
  121  6:55  Hatchery  
  121  6:56  Zergling x4  
  121  6:58  Drone x3  
  122  7:02  Overlord  
  122  7:03  Zergling x4  
  122  7:07  Zergling x8  
  128  7:09  Overseer, Pneumatized Carapace  
  128  7:11  Drone  
  128  7:12  Baneling x7  
  128  7:13  Baneling x3  
  128  7:17  Overlord  
  128  7:18  Drone x7  
  135  7:23  Hydralisk Den, Zerg Ground Armor Level 2  
  135  7:26  Zergling x4, Extractor  
  135  7:27  Extractor  
  134  7:36  Zerg Melee Weapons Level 2  
  130  7:38  Drone x4  
  130  7:39  Drone  
  130  7:40  Zergling x6  
  130  7:41  Overlord  
  130  7:44  Zergling x2, Overlord  
  138  7:45  Zergling x2  
  138  7:47  Drone  
  138  7:49  Zergling x2  
  142  7:51  Overseer  
  142  7:53  Zergling x6  
  142  7:54  Zergling x2  
  142  7:56  Muscular Augments  
  142  7:57  Overlord  
  146  8:00  Zergling x6, Hydralisk  
  151  8:06  Zergling x6  
  151  8:12  Zergling x10, Drone  
  159  8:17  Zergling x4  
  159  8:18  Overlord  
  160  8:21  Overlord  
  160  8:23  Hydralisk  
  160  8:24  Hydralisk x3  
  160  8:26  Hydralisk x4, Overlord  
  166  8:32  Zergling x4  
  166  8:33  Hatchery  
  175  8:36  Baneling x12  
  175  8:40  Zergling x6, Hydralisk, Overlord  
  180  8:45  Zergling x2  
  180  8:47  Zergling x8  
  181  8:53  Overlord  
  181  8:54  Zergling x2  
  181  8:55  Zergling x8  
  185  8:57  Baneling x11  
  185  8:59  Zergling x4  
  185  9:00  Zergling x2  
  185  9:05  Zergling x4  
  185  9:09  Grooved Spines  
  176  9:10  Zergling x2  
  176  9:11  Hydralisk  
  176  9:12  Zergling x2  
  176  9:15  Zergling x2  
  176  9:16  Baneling x7  
  169  9:19  Zergling x4  
  169  9:20  Zergling x4  
  169  9:21  Zergling x4  
  169  9:24  Zergling x2, Hatchery  
  172  9:25  Baneling x3  
  172  9:26  Baneling x2  
  172  9:27  Overlord x2  
  172  9:29  Zergling x2  
  172  9:30  Overseer  
  173  9:37  Overlord x4  
  172  9:39  Overlord  
  172  9:42  Overlord x3  
  172  9:50  Zergling x10  
  177  9:55  Drone x2  
  177  9:56  Hatchery  
  177  9:59  Hydralisk  
  163  10:00  Zergling x8  
  163  10:01  Zergling x2  
  163  10:03  Hatchery  
  163  10:05  Zerg Missile Weapons Level 1  
  163  10:11  Hydralisk x4  
  163  10:12  Zergling x2  
  160  10:17  Zergling x8  
  160  10:18  Overseer  
  160  10:20  Overseer  
  164  10:23  Infestation Pit  
  164  10:24  Lurker Den  
  164  10:27  Drone x6  
  168  10:30  Drone x2  
  168  10:31  Drone x2  
  168  10:35  Zergling x2  
  173  10:38  Drone x5  
  173  10:41  Extractor  
  177  10:43  Zergling x2  
  177  10:45  Zergling x2, Baneling x12  
  175  10:54  Zergling x16  
  176  10:58  Zergling x8  
  176  11:00  Baneling  
  176  11:01  Baneling x3  
  177  11:06  Hive  
  173  11:12  Drone x2  
  173  11:13  Zergling x12, Hydralisk  
  173  11:14  Hydralisk  
  180  11:21  Zergling x16  
  185  11:28  Lurker x2  
  185  11:29  Lurker x2  
  188  11:34  Lurker x3  
  188  11:35  Lurker  
  188  11:37  Lurker  
  188  11:38  Lurker  
  188  11:39  Zergling x2, Drone  
  199  11:40  Zergling x10, Spore Crawler  
  199  11:42  Spore Crawler  
  199  11:43  Baneling x4  
  191  11:49  Zergling x22  
  191  11:50  Zergling x4  
  191  11:54  Zergling x14  
  187  11:58  Zergling x2  
  187  12:00  Hydralisk  
  187  12:01  Hydralisk x3  
  188  12:09  Baneling x9, Hydralisk  
  188  12:10  Zergling x6  
  188  12:11  Zergling x2  
  188  12:12  Zergling x2  
  188  12:14  Zergling x2  
  188  12:15  Zergling x2  
  190  12:18  Baneling x7  
  190  12:19  Zergling x6  
  190  12:22  Zergling x12  
  197  12:29  Spore Crawler, Seismic Spines  
  196  12:30  Zergling x6, Spore Crawler  
  196  12:35  Zergling x14  
  196  12:37  Zergling x2  
  196  12:40  Zerg Missile Weapons Level 2  
  187  12:46  Zergling x14  
  187  12:51  Baneling x9  
  183  12:52  Zergling x4  
  183  12:58  Zergling x12  
  186  12:59  Zergling x2  
  186  13:00  Drone  
  180  13:06  Viper  
  180  13:09  Zergling x8  
  180  13:10  Zergling x2  
  180  13:11  Zergling x2  
  183  13:16  Zergling x10  
  188  13:20  Zergling x2  
  188  13:21  Zergling x2  
  188  13:22  Spore Crawler, Zergling x2  
  188  13:25  Viper x2  
  193  13:33  Zergling x2, Adaptive Talons  
  193  13:34  Zergling x8  
  178  13:35  Zergling x2  
  178  13:36  Zergling x2  
  179  13:42  Zergling x12  
  179  13:44  Baneling x4  
  185  13:50  Hydralisk x3  
  185  13:52  Lurker  
  185  13:53  Lurker  
  193  13:58  Zergling x12  
  184  14:14  Hydralisk  
  184  14:15  Zergling x20  
  168  14:25  Lurker  
  168  14:26  Lurker x3  
  168  14:27  Hatchery  
  168  14:28  Overseer, Hydralisk  
  168  14:29  Zergling x10  
  175  14:34  Zergling x10  
  175  14:37  Zergling x8  
  182  14:41  Zergling x6  
  181  14:46  Lurker x2  
  181  14:50  Hydralisk  
  181  14:51  Zergling x8  
  188  14:55  Zergling x2  
  188  14:57  Zergling x2  
  188  14:59  Baneling x6  
  189  15:00  Zergling x2, Baneling x4  
  189  15:01  Zergling x6  
  189  15:04  Extractor  
  189  15:05  Zergling x2  
  182  15:08  Zergling x2  
  182  15:13  Hydralisk x4  
  178  15:14  Zergling x2  
  178  15:19  Zergling x2  
  178  15:20  Zergling x4  
  179  15:23  Zergling x8  
  176  15:28  Hydralisk  
  176  15:32  Hydralisk  
  176  15:33  Hydralisk x3  
  182  15:35  Zergling x2  
  182  15:41  Zergling x6  
  186  15:47  Zergling x10  
  184  15:51  Zergling x6  
  184  15:52  Zergling x2  
  184  15:56  Zergling x2  
  175  15:58  Hydralisk  
  175  16:02  Zergling x4  
  159  16:08  Hydralisk, Overseer x2  
  159  16:09  Zergling x2  
  151  16:13  Hydralisk  
  151  16:16  Zergling x2  
  151  16:18  Zergling x4  
  149  16:20  Zergling x2  
  149  16:23  Zergling x2  
  142  16:27  Zergling x2  
  142  16:28  Zergling x2  
  142  16:32  Zergling x4  
  137  16:35  Zergling x4  
  137  16:37  Zergling x2  
  137  16:39  Zergling x2  
  122  16:41  Zergling x2  
  122  16:44  Zergling x2  
  122  16:46  Zergling x2  
  118  16:49  Zergling x2  
  118  16:51  Zergling x2  
  118  16:53  Zergling x2  
  119  16:57  Zergling x2  
  119  17:00  Zergling x2  
Show
View Real Time Build Order
Export as new Build Order

Bunny Terran - Winner!

Build Orders: Reaper Expand, Hellion Banshee 

Get SALT Encoding   

  12  0:00  SCV  
  13  0:12  SCV  
  14  0:17  Supply Depot  
  14  0:24  SCV  
  15  0:38  SCV  
  15  0:40  Barracks  
  16  0:43  Refinery  
  16  0:50  SCV  
  17  1:03  SCV  
  18  1:15  SCV  
  19  1:27  Reaper, Orbital Command  
  20  1:39  Command Center  
  20  1:47  Supply Depot  
  20  1:53  SCV  
  21  1:59  Marine  
  22  2:05  SCV  
  22  2:08  Factory  
  23  2:17  SCV  
  23  2:19  Barracks Reactor  
  24  2:29  SCV  
  25  2:41  SCV  
  25  2:42  Command Center  
  26  2:50  Orbital Command  
  26  2:53  SCV  
  27  3:01  Starport  
  27  3:06  SCV  
  27  3:09  Refinery  
  28  3:15  Hellion x2  
  28  3:16  SCV  
  28  3:18  SCV  
  34  3:22  Barracks Tech Lab  
  34  3:28  SCV  
  34  3:30  SCV  
  36  3:36  Hellion  
  36  3:37  Hellion  
  40  3:42  SCV x2  
  40  3:47  Banshee  
  45  3:56  Cloaking Field  
  45  3:57  Orbital Command  
  45  3:58  SCV x2  
  45  3:59  Hellion  
  45  4:00  Hellion  
  45  4:01  Barracks Tech Lab  
  51  4:07  Orbital Command  
  51  4:08  Supply Depot  
  51  4:10  SCV x2  
  53  4:19  Marine  
  53  4:22  SCV x2  
  56  4:29  Banshee  
  61  4:33  SCV  
  61  4:34  SCV x2  
  65  4:40  Supply Depot  
  65  4:41  Supply Depot  
  65  4:45  Stimpack  
  62  4:46  SCV x2  
  62  4:47  SCV  
  62  4:49  Barracks x2  
  62  4:52  Refinery  
  65  4:55  Marine  
  65  4:56  Engineering Bay x2, Factory Reactor  
  65  4:58  SCV  
  65  4:59  SCV x2  
  69  5:12  Supply Depot x2  
  69  5:13  SCV x3  
  72  5:18  Refinery, Marine  
  73  5:23  Starport Reactor  
  73  5:25  SCV x3  
  73  5:26  Terran Infantry Weapons Level 1  
  76  5:29  Terran Infantry Armor Level 1  
  76  5:36  Barracks  
  76  5:37  SCV x2  
  76  5:38  SCV  
  76  5:39  Barracks  
  79  5:43  Supply Depot, Marine x3  
  82  5:51  Siege Tank, Marine x2  
  82  5:52  SCV  
  82  5:53  SCV x2  
  90  5:58  Supply Depot x2  
  90  6:04  Medivac x2  
  90  6:05  Marine x3  
  90  6:08  Marine  
  90  6:09  Marine  
  96  6:12  SCV x3  
  96  6:15  Refinery  
  96  6:23  Marine x3  
  96  6:24  Combat Shield  
  102  6:27  Barracks Reactor  
  102  6:28  Barracks Reactor, SCV x3  
  102  6:29  Marine x2  
  102  6:30  Command Center  
  102  6:32  Supply Depot  
  104  6:35  Medivac  
  104  6:36  Refinery  
  104  6:39  Medivac  
  108  6:41  Marine x2  
  108  6:44  Marine  
  108  6:46  Marine x2  
  112  6:53  Widow Mine  
  115  6:57  Armory  
  115  6:58  SCV x3, Factory, Marine  
  115  6:59  Marine  
  120  7:02  Marine  
  120  7:04  Marine  
  120  7:05  Marine x5  
  127  7:10  Medivac  
  127  7:11  Medivac  
  127  7:15  Widow Mine  
  131  7:18  Supply Depot  
  131  7:19  Supply Depot x2  
  131  7:21  Supply Depot, SCV x2  
  133  7:33  SCV, Marine  
  133  7:35  Marine  
  132  7:40  Widow Mine, Marauder, Marine  
  132  7:41  Marine x5  
  142  7:45  SCV x3  
  142  7:48  Factory Reactor  
  145  7:59  Marine x8  
  145  8:02  Marauder, Drilling Claws  
  145  8:04  Widow Mine  
  145  8:05  Barracks  
  157  8:06  Barracks  
  157  8:07  Barracks, Medivac x2  
  161  8:17  Marine x7  
  166  8:23  Marauder  
  166  8:26  Widow Mine x2  
  166  8:27  Terran Infantry Weapons Level 2, Widow Mine, Terran Infantry Armor Level 2  
  174  8:29  Planetary Fortress  
  174  8:32  Concussive Shells  
  174  8:34  SCV  
  174  8:35  SCV x2  
  174  8:37  Medivac  
  179  8:46  Marine  
  180  9:02  Barracks Tech Lab  
  180  9:03  Barracks Tech Lab, Marauder  
  180  9:04  Widow Mine, Marine x3  
  180  9:09  Marine x2  
  178  9:11  Sensor Tower  
  178  9:12  Supply Depot, Marine  
  178  9:13  Command Center, Widow Mine  
  178  9:14  Liberator, Supply Depot, Widow Mine  
  178  9:24  Terran Vehicle Weapons Level 1, Factory  
  174  9:25  Marauder  
  178  9:32  Siege Tank  
  178  9:34  Widow Mine  
  178  9:35  Widow Mine  
  178  9:37  Marauder  
  178  9:38  Marauder  
  187  9:42  Barracks Tech Lab  
  182  9:46  Marauder  
  182  9:49  Marine x3  
  177  9:56  Ghost Academy, Widow Mine  
  160  10:00  Command Center  
  160  10:04  Widow Mine, Siege Tank  
  160  10:06  Marauder  
  164  10:07  Marauder x3  
  164  10:13  Marine  
  164  10:14  Marine x7  
  165  10:15  Factory Tech Lab  
  165  10:17  Refinery, Widow Mine  
  171  10:23  Medivac x2  
  171  10:28  Marauder x3  
  181  10:29  Ghost  
  181  10:33  Refinery  
  183  10:36  Siege Tank  
  186  10:43  Siege Tank  
  176  10:57  Medivac  
  176  10:58  Medivac  
  177  11:09  Siege Tank  
  173  11:12  Terran Infantry Weapons Level 3, Terran Infantry Armor Level 3  
  167  11:19  Marine x10  
  167  11:23  Orbital Command  
  167  11:24  Refinery  
  167  11:25  Planetary Fortress  
  177  11:26  Refinery  
  177  11:29  Command Center  
  177  11:38  Siege Tank  
  177  11:39  Sensor Tower  
  180  11:40  Missile Turret  
  180  11:41  Command Center, Terran Vehicle Weapons Level 2  
  168  11:55  Siege Tank  
  171  12:06  Marauder x2  
  171  12:07  Marauder x2  
  179  12:09  Marine  
  179  12:10  Siege Tank, Marine  
  179  12:12  Marine x4  
  179  12:13  Marine x2  
  188  12:17  Personal Cloaking  
  188  12:21  Command Center  
  188  12:22  Missile Turret  
  184  12:25  Command Center  
  184  12:27  Siege Tank  
  182  12:37  Ghost x2  
  182  12:39  Marine x8  
  182  12:42  Siege Tank, Marine  
  182  12:43  Marine  
  199  12:45  Medivac  
  198  12:56  Marine  
  197  12:59  Siege Tank  
  197  13:02  Orbital Command  
  197  13:04  Missile Turret  
  198  13:11  Medivac  
  196  13:15  Medivac  
  194  13:37  Ghost x2  
  194  13:38  Ghost  
  200  13:41  Planetary Fortress  
  200  13:48  Neosteel Armor  
  200  13:49  Hi-Sec Auto Tracking  
  200  13:50  Orbital Command x2  
  200  13:58  Terran Vehicle Weapons Level 3  
  200  14:02  Armory  
  185  14:10  Siege Tank x2  
  185  14:11  Marauder x4, Marine  
  185  14:12  Marine x6  
  182  14:17  Marine  
  183  14:27  Nuke  
  183  14:31  Ghost  
  183  14:32  Ghost  
  183  14:38  Command Center  
  181  14:39  Sensor Tower  
  181  14:42  Siege Tank x2  
  181  14:44  Ghost x2  
  197  14:48  Medivac  
  197  14:49  Medivac  
  186  15:14  Siege Tank x2  
  186  15:16  Sensor Tower  
  186  15:19  Ghost x2  
  183  15:33  Widow Mine  
  183  15:34  Widow Mine  
  179  15:46  Siege Tank  
  179  15:47  Siege Tank, Ghost  
  174  16:05  Marauder x3, Marine  
  174  16:06  Marine x7  
  174  16:09  Refinery  
  174  16:10  Refinery  
  153  16:17  Marauder  
  149  16:18  Siege Tank  
  149  16:19  Siege Tank  
  149  16:23  Marine x5  
  149  16:24  Marine  
  152  16:26  Marauder, Ghost x2  
  152  16:29  Marine  
  150  16:38  Marine  
  139  16:41  Marine x4  
  134  16:47  Marine  
  128  16:55  Marine x3  
  128  16:59  Marine x4  
Tags
 
Add a new tag
Caveats
  • Supply blocks, unpowered buildings, or Contaminate may cause inaccurate times.
  • Supply counts are checked every 10 seconds.